 Dungeon Crawl Stone Soup version 0.31-a0-574-g69dc8cc98e (webtiles) character file.

Game seed: 8297603064564639019

117 avis the Scratcher (level 4, -2/28 HPs)
             Began as a Felid Shapeshifter on Aug 18, 2023.
             Slain by a scorpion (6 damage)
             ... on level 4 of the Dungeon.
             The game lasted 00:12:03 (2773 turns).

avis the Scratcher (Felid Shapeshifter)             Turns: 2773, Time: 00:12:03

Health: -2/28      AC: 22    Str: 11    XL:     4   Next: 71%
Magic:  5/5        EV:  4    Int:  9    God:
Gold:   193        SH:  0    Dex: 18    Spells: 3/3 levels left
                                        Lives:  0   Deaths: 1

rFire   . .          .
                       - Unarmed
rCold   . . .        (shield unavailable)
rNeg    . . .        (body armour unavailable)
rPois   +            (helmet unavailable)
rElec   .            (cloak unavailable)
rCorr   .            (gloves unavailable)
SInv    +            (boots unavailable)
Will    .....        (no amulet)
Stlth   ++           (no ring)
HPRegen 0.24/turn    (no ring)
MPRegen 0.09/turn

%: no passive effects
@: lethally poisoned (-2 -> -11), tree-form
A: stationary, stasis, torment immunity, boosted hp, very small, (claws 1),
(fangs 3), see invisible, (speed 1), (shaggy fur 1), (stealthy paws), no weapons
or thrown items, no armour, multi-lived
a: no special abilities


You were on level 4 of the Dungeon.
You were a tree.
You visited 1 branch of the dungeon, and saw 4 of its levels.

You collected 193 gold pieces.

Inventory:

Talismans
 b - a beast talisman
 c - a flux talisman
Wands
 p - a wand of polymorph (6)
Scrolls
 d - 10 scrolls of identify {unknown}
 f - a scroll of enchant armour {unknown}
 i - a scroll of fear {unknown}
 j - a scroll of noise {unknown}
 k - a scroll of amnesia {unknown}
 l - a scroll of teleportation {unknown}
 n - a scroll of summoning {unknown}
 o - a scroll of vulnerability {unknown}
 q - a scroll of revelation {unknown}
 r - a scroll of enchant weapon {unknown}
Potions
 e - 2 potions of attraction {unknown}
 g - 2 potions of heal wounds {unknown}
 h - a potion of resistance {unknown}
 m - a potion of curing {unknown}
 s - a potion of magic {unknown}


   Skills:
 - Level 2.0 Fighting
 + Level 4.4 Dodging
 + Level 1.6 Stealth
 * Level 4.9 Unarmed Combat
 - Level 3.2 Shapeshifting


You had 3 spell levels left.
You didn't know any spells.
Your spell library contained the following spells:

 Spells                   Type           Power      Damage    Failure   Level
 Tukima's Dance           Hex            0%         N/A       77%         3
 Iskenderun's Mystic Bla  Conj/Tloc      0%         2d3       99%         4
 Portal Projectile        Hex/Tloc       Unusable   N/A       N/A         3

Dungeon Overview and Level Annotations

Branches:
Dungeon (4/15)
 Temple: D:4-7

Altars:
Cheibriados
Hepliaklqana
Wu Jian
Zin

Annotations:
D:2 Sigmund
D:4 Robin


Innate Abilities, Weirdness & Mutations

You are a tree.
Your roots penetrate the ground, keeping you stationary.
You cannot be teleported.
You are immune to unholy pain and torment.
Your maximum health is greatly increased.
((You have sharp claws.))
((You have razor-sharp teeth.))
You have supernaturally acute eyesight. (SInv)
((You cover ground quickly. (Speed+)))
((You are covered in fur. (AC +1)))
((Your paws help you pounce on unaware monsters.))
You are incapable of wielding weapons or throwing items.
You cannot wear armour.
You gain extra lives every three experience levels.


Message History

The adder closely misses you.
You scratch the adder. You bite the adder, but do no damage.
The adder is almost dead.
You feel sick. The adder closely misses you.
You scratch the adder but do no damage.
The adder is almost dead.
You feel sick. The adder misses you. x2
You barely miss the adder. Your claw misses the adder.
The adder is almost dead.
You feel sick. The scorpion stings you. The adder misses you.
You barely miss the adder.
The adder is almost dead.
You feel sick.
You are no longer poisoned.
The scorpion misses you. The adder completely misses you.
You barely miss the adder.
The adder is almost dead.
The scorpion misses you. The adder misses you.
You barely miss the adder.
The adder is almost dead.
The adder closely misses you. The scorpion completely misses you.
The adder bites you.
You scratch the adder.
You kill the adder!
The scorpion completely misses you.
Things that are here:
a murky grey potion; an adder corpse You scratch the scorpion.
The scorpion is moderately wounded.
The scorpion stings you.
* * * LOW HITPOINT WARNING * * *
You are lethally poisoned!
The scorpion poisons you!
Your transformation has ended.
You turn into a tree.
Your roots penetrate the ground.
* * * LOW HITPOINT WARNING * * *
You feel very sick.
The scorpion stings you but does no damage.
The scorpion stings you.
You die...

........^...# #.....
#...........# #...##
#...........# #...#.
#...........# #...#.
#...........# #.|.#.
#...........# #...^.
#...........#######..#.
..####s##+##......#..#.
#...♣#...#....#....#.
#....#...'....'....##
#....##..#....##'#...
#....##+##...........
#....#...............
#....#...............
#....+...............
#.####............... .
###.....#########+###


You could see a scorpion.

Vanquished Creatures
  A scorpion (D:2)
  A hound (D:4)
  2 adders (D:4)
  3 dart slugs
  4 orcs (D:3)
  3 bats
  An endoplasm (D:2)
  A giant cockroach (D:2)
  17 goblins
  6 hobgoblins
  3 jackals (D:4)
  A quokka (D:1)
  2 ball pythons
  5 frilled lizards
  5 kobolds
  4 rats (D:2)
59 creatures vanquished.

Notes
Turn   | Place    | Note
-------+----------+-------------------------------------------
     0 | D:1      | avis the Felid Shapeshifter began the quest for the Orb.
     0 | D:1      | Reached XP level 1. HP: 9/9 MP: 2/2
   332 | D:1      | Reached XP level 2. HP: 12/12 MP: 3/3
   984 | D:2      | Noticed Sigmund
  1172 | D:2      | Reached XP level 3. HP: 16/16 MP: 4/4
  1437 | D:3      | Found a snail-covered altar of Cheibriados.
  1515 | D:3      | Noticed a scorpion
  1878 | D:2      | Killed a scorpion
  1879 | D:2      | Reached XP level 4. HP: 9/19 MP: 5/5
  1998 | D:3      | Found an ornate altar of the Wu Jian Council.
  2295 | D:4      | Noticed Robin
  2382 | D:4      | Slain by a goblin
  2383 | D:4      | Reached XP level 3. HP: 0/16 MP: 4/4
  2428 | D:4      | Reached skill level 1 in Stealth
  2428 | D:4      | Reached XP level 4. HP: 19/19 MP: 5/5
  2561 | D:4      | Found a hazy altar of Hepliaklqana.
  2667 | D:4      | Found a glowing silver altar of Zin.
  2759 | D:4      | Noticed a scorpion
  2773 | D:4      | Slain by a scorpion

Illustrated notes

Levels and vault maps discovered:
D:1:      scummos_arrival_hexagon, layout_basic
D:2:      layout_rooms, uniq_sigmund
D:3:      layout_rooms, nicolae_wu_jian_immortal_techniques,
          kennysheep_slug_shrine
D:4:      layout_gridville, lemuel_tele_altar,
          mainiacjoe_overflow_cross_hatched, serial_shops, nicolae_shop_trees,
          uniq_duvessa, uniq_robin

Skill      XL: |  1  2  3 |
---------------+----------+-----
Dodging        | 3 4 |  4.4
Fighting       | 2 |  2.0
Unarmed Combat | 4 |  4.9
Stealth        | 1 |  1.6
Shapeshifting  | |  3.2

Action                     |  1- 3 |  4- 6 || total
---------------------------+-------+-------++-------
  Melee: Unarmed           |    70 |    57 ||   127
         Bite              |     4 |     6 ||    10
         Punch             |     4 |       ||     4
    Use: Potion            |       |     1 ||     1
   Stab: Sleeping          |     3 |     1 ||     4
 Armour: Skin              |     7 |     4 ||    11
  Dodge: Dodged            |    47 |    52 ||    99

Table legend: (Time is in decaauts)
 A = Elapsed time spent in this place.
 B = Non-inter-level travel time spent in this place.
 C = Inter-level travel time spent in this place.
 D = Time resting spent in this place.
 E = Time spent auto-exploring this place.
 F = Levels seen in this place.
 G = Mean time per level.
                   A        B        C        D        E       F      G
               +--------+--------+--------+--------+--------+-----+--------+
         Total |   2345 |   2108 |    237 |    373 |    974 |   4 |  586.2 |
       Dungeon |   2345 |   2108 |    237 |    373 |    974 |   4 |  586.2 |
               +--------+--------+--------+--------+--------+-----+--------+

Top non-repeatable levels by time:
     D:2: 808 daAuts
     D:1: 646 daAuts
     D:3: 588 daAuts
     D:4: 301 daAuts
